PAA
PHOENIX HOTSPUR YOUTH @ ATHLETIC CLUB KC ACADEMY
07/05/2028
 
TOP OF THE 1ST
Phoenix Hotspur Youth batting - Pitching for Athletic Club KC Academy : RHP Wayne Slade
Pitching: RHP Wayne Slade
Batting: RHB David Rivas 0-0: Ball
1-0: Foul Ball, location: 2F
1-1: Ground out 5-3 (Groundball, 56)
Batting: RHB Bernardo Rivera 0-0: Foul Ball, location: 2F
0-1: Ball
1-1: Called Strike
1-2: Ball
2-2: Ground out 5-3 (Groundball, 56S)
Batting: LHB Kenny Scott 0-0: SINGLE (Groundball, 34D)
Batting: LHB Ricardo Peña 0-0: Ball
1-0: Ball
2-0: SINGLE (Flyball, 4MD)
Kenny Scott to second
Batting: RHB Rubén Andrada 0-0: Ball
1-0: Ground out U3 (Groundball, 34)
Top of the 1st over - 0 run(s), 2 hit(s), 0 error(s), 2 left on base; Phoenix Hotspur 0 - Athletic Club KC Academy 0
BOTTOM OF THE 1ST
Athletic Club KC Academy batting - Pitching for Phoenix Hotspur Youth : LHP José Santiago
Pitching: LHP José Santiago
Batting: RHB Khal Drogo 0-0: Ball
1-0: Called Strike
1-1: Ground out 6-3 (Groundball, 6)
Batting: LHB Tony García 0-0: Foul Ball, location: 2F
0-1: Ball
1-1: Ground out 3-1 (Groundball, 34)
Batting: RHB Jesús Vargas 0-0: Ball
1-0: Called Strike
1-1: Ball
2-1: Foul Ball, location: 2F
2-2: Strikes out swinging
Bottom of the 1st over - 0 run(s), 0 hit(s), 0 error(s), 0 left on base; Phoenix Hotspur 0 - Athletic Club KC Academy 0
TOP OF THE 2ND
Phoenix Hotspur Youth batting - Pitching for Athletic Club KC Academy : RHP Wayne Slade
Batting: LHB António Escalante 0-0: Called Strike
0-1: Ball
1-1: Foul Ball, location: 2F
1-2: Foul Ball, location: 2F
1-2: Foul Ball, location: 2F
1-2: Foul Ball, location: 2F
1-2: Ground out 3-1 (Groundball, 34)
Batting: RHB Hieronymus Bosch 0-0: Called Strike
0-1: Ball
1-1: Foul Ball, location: 2F
1-2: Ball
2-2: Fly out, F6 (Line Drive, 6M)
Batting: RHB Enrico Sánchez 0-0: Ball
1-0: Swinging Strike
1-1: Ball
2-1: Swinging Strike
2-2: Strikes out swinging
Top of the 2nd over - 0 run(s), 0 hit(s), 0 error(s), 0 left on base; Phoenix Hotspur 0 - Athletic Club KC Academy 0
BOTTOM OF THE 2ND
Athletic Club KC Academy batting - Pitching for Phoenix Hotspur Youth : LHP José Santiago
Batting: RHB Andrés Medina 0-0: SINGLE (Line Drive, 8RS)
Batting: LHB Matt Herman 0-0: Ball
1-0: Foul Ball, location: 2F
1-1: DOUBLE (Line Drive, 7LD)
Andrés Medina to third
Runner from 3rd tries for Home, SAFE, throw made home
Batting: LHB Tsai Ng 0-0: Ball
1-0: Ball
2-0: Ball
3-0: Called Strike
3-1: Base on Balls
Batting: RHB Fernando Rodríguez 0-0: Ball
1-0: SINGLE (Flyball, 9S)
Matt Herman to third
Tsai Ng to second
Batting: LHB Héctor Barrios 0-0: Ball
1-0: Ball
2-0: Ball
3-0: Base on Balls
Matt Herman scores
Tsai Ng to third
Fernando Rodríguez to second
Batting: SHB Gerald Merendino 0-0: Called Strike
0-1: Called Strike
0-2: Foul Ball, location: 2F
0-2: Foul Ball, location: 2F
0-2: Foul Ball, location: 2F
0-2: Ball
1-2: Strikes out swinging
Batting: RHB Khal Drogo 0-0: SINGLE (Groundball, 6M) (infield hit)
Tsai Ng scores
Fernando Rodríguez to third
Héctor Barrios to second
Batting: LHB Tony García 0-0: Ball
1-0: Foul Ball, location: 2F
1-1: Grounds into double play, 4-6-3 (Groundball, 4)
Bottom of the 2nd over - 3 run(s), 4 hit(s), 0 error(s), 2 left on base; Phoenix Hotspur 0 - Athletic Club KC Academy 3
TOP OF THE 3RD
Phoenix Hotspur Youth batting - Pitching for Athletic Club KC Academy : RHP Wayne Slade
Batting: RHB Phillip Mendizabal 0-0: Called Strike
0-1: Foul Ball, location: 2F
0-2: Ball
1-2: Ground out 6-3 (Groundball, 6)
Batting: RHB David Rivas 0-0: Called Strike
0-1: Foul Ball, location: 2F
0-2: Ball
1-2: Strikes out swinging
Batting: RHB Bernardo Rivera 0-0: Ball
1-0: Called Strike
1-1: Ball
2-1: Ball
3-1: Ground out 1-3 (Groundball, P)
Top of the 3rd over - 0 run(s), 0 hit(s), 0 error(s), 0 left on base; Phoenix Hotspur 0 - Athletic Club KC Academy 3
BOTTOM OF THE 3RD
Athletic Club KC Academy batting - Pitching for Phoenix Hotspur Youth : LHP José Santiago
Batting: RHB Jesús Vargas 0-0: Ball
1-0: Fly out, F9 (Line Drive, 9)
Batting: RHB Andrés Medina 0-0: Foul Ball, location: 2F
0-1: Ball
1-1: Ball
2-1: Ball
3-1: DOUBLE (Line Drive, 8LD)
Batting: LHB Matt Herman 0-0: Swinging Strike
0-1: Ball
1-1: Called Strike
1-2: Strikes out swinging
Batting: LHB Tsai Ng 0-0: Swinging Strike
0-1: Ball
1-1: Called Strike
1-2: Ground out 3-1 (Groundball, 34)
Bottom of the 3rd over - 0 run(s), 1 hit(s), 0 error(s), 1 left on base; Phoenix Hotspur 0 - Athletic Club KC Academy 3
TOP OF THE 4TH
Phoenix Hotspur Youth batting - Pitching for Athletic Club KC Academy : RHP Wayne Slade
Batting: LHB Kenny Scott 0-0: Ball
1-0: Ball
2-0: Swinging Strike
2-1: Called Strike
2-2: Foul Ball, location: 2F
2-2: Fly out, F9 (Flyball, 9S)
Batting: LHB Ricardo Peña 0-0: Called Strike
0-1: Ball
1-1: Foul Ball, location: 2F
1-2: Ground out 4-3 (Groundball, 4)
Batting: RHB Rubén Andrada 0-0: Called Strike
0-1: Called Strike
0-2: Foul Ball, location: 2F
0-2: Foul Ball, location: 2F
0-2: Ball
1-2: Ball
2-2: Strikes out swinging
Top of the 4th over - 0 run(s), 0 hit(s), 0 error(s), 0 left on base; Phoenix Hotspur 0 - Athletic Club KC Academy 3
BOTTOM OF THE 4TH
Athletic Club KC Academy batting - Pitching for Phoenix Hotspur Youth : LHP José Santiago
Batting: RHB Fernando Rodríguez 0-0: Ball
1-0: Foul Ball, location: 2F
1-1: Ball
2-1: Fly out, F9 (Flyball, 9)
Batting: LHB Héctor Barrios 0-0: Ball
1-0: Ball
2-0: SINGLE (Groundball, 34D)
Batting: SHB Gerald Merendino 0-0: Ball
1-0: Ball
2-0: Called Strike
2-1: Swinging Strike
2-2: Strikes out looking
Batting: RHB Khal Drogo 0-0: Ball
1-0: Called Strike
1-1: Fly out, F7 (Flyball, 78M)
Bottom of the 4th over - 0 run(s), 1 hit(s), 0 error(s), 1 left on base; Phoenix Hotspur 0 - Athletic Club KC Academy 3
TOP OF THE 5TH
Phoenix Hotspur Youth batting - Pitching for Athletic Club KC Academy : RHP Wayne Slade
Batting: LHB António Escalante 0-0: Ball
1-0: Fly out, F8 (Flyball, 8RS)
Batting: RHB Hieronymus Bosch 0-0: SINGLE (Groundball, 5D)
Batting: RHB Enrico Sánchez 0-0: Ball
1-0: Called Strike
1-1: Ball
2-1: Ground out 5-3 (Groundball, 56S)
Hieronymus Bosch to second
Batting: RHB Phillip Mendizabal 0-0: Ball
1-0: Called Strike
1-1: Foul Ball, location: 2F
1-2: Foul Ball, location: 2F
1-2: Strikes out looking
Top of the 5th over - 0 run(s), 1 hit(s), 0 error(s), 1 left on base; Phoenix Hotspur 0 - Athletic Club KC Academy 3
BOTTOM OF THE 5TH
Athletic Club KC Academy batting - Pitching for Phoenix Hotspur Youth : LHP José Santiago
Batting: LHB Tony García 0-0: Ball
1-0: Ball
2-0: DOUBLE (Groundball, 3L)
Batting: RHB Jesús Vargas 0-0: Ball
1-0: Swinging Strike
1-1: Ball
2-1: Ball
3-1: Base on Balls
Batting: RHB Andrés Medina 0-0: Ball
1-0: Foul Ball, location: 2F
1-1: Called Strike
1-2: Ball
2-2: Strikes out looking
Batting: LHB Matt Herman 0-0: Called Strike
0-1: DOUBLE (Flyball, 89XD)
Tony García scores
Jesús Vargas to third
Batting: LHB Tsai Ng 0-0: Ball
1-0: Foul Ball, location: 2F
1-1: Fly out, F9 (Flyball, 89S)
Runner from 3rd tags up, SCORES, no throw
Batting: RHB Fernando Rodríguez 0-0: Ball
1-0: Ball
2-0: Foul Ball, location: 2F
2-1: Foul Ball, location: 2F
2-2: Foul Ball, location: 2F
2-2: Ball
3-2: 2-RUN HOME RUN (Flyball, 78XD), Distance : 422 ft
Pitching: LHP Juan López
Batting: LHB Héctor Barrios 0-0: Called Strike
0-1: Ball
1-1: Ball
2-1: SINGLE (Flyball, 7LS)
Batting: SHB Gerald Merendino 0-0: Called Strike
0-1: Called Strike
0-2: Strikes out swinging
Bottom of the 5th over - 4 run(s), 4 hit(s), 0 error(s), 1 left on base; Phoenix Hotspur 0 - Athletic Club KC Academy 7
TOP OF THE 6TH
Phoenix Hotspur Youth batting - Pitching for Athletic Club KC Academy : RHP Wayne Slade
Batting: RHB David Rivas 0-0: Ball
1-0: Fly out, F9 (Flyball, 89M)
Batting: RHB Bernardo Rivera 0-0: Called Strike
0-1: Called Strike
0-2: Ball
1-2: Foul Ball, location: 2F
1-2: SINGLE (Line Drive, 78S)
Batting: LHB Kenny Scott 0-0: Called Strike
0-1: Called Strike
0-2: Fly out, F9 (Line Drive, 9S)
Batting: LHB Ricardo Peña 0-0: Called Strike
0-1: Ball
1-1: Ball
2-1: SINGLE (Groundball, 4D)
Bernardo Rivera to second
Runner from 2nd tries for 3rd, SAFE, throw made to third
Ricardo Peña to second
Batting: RHB Rubén Andrada 0-0: Ball
1-0: Foul Ball, location: 2F
1-1: SINGLE (Flyball, 9LS)
Bernardo Rivera scores
Ricardo Peña to third
Runner from 3rd tries for Home, SAFE, no throw
Batting: LHB António Escalante 0-0: Ball
1-0: Ball
2-0: Ground out 4-3 (Groundball, 34)
Top of the 6th over - 2 run(s), 3 hit(s), 0 error(s), 1 left on base; Phoenix Hotspur 2 - Athletic Club KC Academy 7
BOTTOM OF THE 6TH
Athletic Club KC Academy batting - Pitching for Phoenix Hotspur Youth : LHP Juan López
Batting: RHB Khal Drogo 0-0: Ball
1-0: Ball
2-0: Called Strike
2-1: Fly out, F8 (Flyball, 8LM)
Batting: LHB Tony García 0-0: Ball
1-0: Ball
2-0: Foul Ball, location: 2F
2-1: Ball
3-1: Base on Balls
Batting: RHB Jesús Vargas 0-0: Ball
1-0: Ball
2-0: Ball
3-0: Base on Balls
Tony García to second
Batting: RHB Andrés Medina 0-0: Ball
1-0: Called Strike
1-1: Foul Ball, location: 2F
1-2: Foul Ball, location: 2F
1-2: Foul Ball, location: 2F
1-2: Foul Ball, location: 2F
1-2: Fly out, F6 (Line Drive, 6MD)
Lined into DP, 6-4 (Line Drive, 6MD)
Bottom of the 6th over - 0 run(s), 0 hit(s), 0 error(s), 1 left on base; Phoenix Hotspur 2 - Athletic Club KC Academy 7
TOP OF THE 7TH
Phoenix Hotspur Youth batting - Pitching for Athletic Club KC Academy : RHP Wayne Slade
Batting: RHB Hieronymus Bosch 0-0: Fly out, F9 (Flyball, 89S)
Batting: RHB Enrico Sánchez 0-0: Fly out, F8 (Flyball, 89M)
Batting: RHB Phillip Mendizabal 0-0: Ball
1-0: Swinging Strike
1-1: Ball
2-1: Fly out, F9 (Flyball, 9LS)
Top of the 7th over - 0 run(s), 0 hit(s), 0 error(s), 0 left on base; Phoenix Hotspur 2 - Athletic Club KC Academy 7
BOTTOM OF THE 7TH
Athletic Club KC Academy batting - Pitching for Phoenix Hotspur Youth : LHP Juan López
Batting: LHB Matt Herman 0-0: Ball
1-0: Swinging Strike
1-1: Fly out, F7 (Flyball, 78D)
Batting: LHB Tsai Ng 0-0: Foul Ball, location: 2F
0-1: Ball
1-1: Foul Ball, location: 2F
1-2: Strikes out swinging
Batting: RHB Fernando Rodríguez 0-0: Ball
1-0: Ball
2-0: Ball
3-0: Called Strike
3-1: Called Strike
3-2: Ground out 1-3 (Groundball, 15S)
Bottom of the 7th over - 0 run(s), 0 hit(s), 0 error(s), 0 left on base; Phoenix Hotspur 2 - Athletic Club KC Academy 7
TOP OF THE 8TH
Phoenix Hotspur Youth batting - Pitching for Athletic Club KC Academy : RHP Wayne Slade
Now at C: Shintaro Yamada
Batting: RHB David Rivas 0-0: Fly out, F8 (Flyball, 8RM)
Batting: RHB Bernardo Rivera 0-0: Ball
1-0: Fly out, F6 (Line Drive, 6)
Batting: LHB Kenny Scott 0-0: Ball
1-0: Ball
2-0: Fly out, F9 (Flyball, 89M)
Top of the 8th over - 0 run(s), 0 hit(s), 0 error(s), 0 left on base; Phoenix Hotspur 2 - Athletic Club KC Academy 7
BOTTOM OF THE 8TH
Athletic Club KC Academy batting - Pitching for Phoenix Hotspur Youth : LHP Juan López
Batting: LHB Héctor Barrios 0-0: Ball
1-0: Foul Ball, location: 2F
1-1: Fly out, F8 (Flyball, 8RM)
Batting: SHB Gerald Merendino 0-0: Ball
1-0: Ball
2-0: Called Strike
2-1: Ground out 5-3 (Groundball, 5S)
Batting: RHB Khal Drogo 0-0: Ball
1-0: Ball
2-0: Foul Ball, location: 2F
2-1: Ball
3-1: Ground out 5-3 (Groundball, 5)
Bottom of the 8th over - 0 run(s), 0 hit(s), 0 error(s), 0 left on base; Phoenix Hotspur 2 - Athletic Club KC Academy 7
TOP OF THE 9TH
Phoenix Hotspur Youth batting - Pitching for Athletic Club KC Academy : RHP Wayne Slade
Batting: LHB Ricardo Peña 0-0: Fly out, F5 (Flyball, 56D)
Batting: RHB Rubén Andrada 0-0: Called Strike
0-1: Ball
1-1: Ball
2-1: Ground out 1-3 (Groundball, 13S)
Batting: LHB António Escalante 0-0: Foul Ball, location: 2F
0-1: Ball
1-1: Called Strike
1-2: Strikes out swinging
Top of the 9th over - 0 run(s), 0 hit(s), 0 error(s), 0 left on base; Phoenix Hotspur 2 - Athletic Club KC Academy 7
Friday, August 11th, 2017 - OOTP Baseball 17.12 Build 75